 Dungeon Crawl Stone Soup version 0.31-a0-870-g10ed682358 (webtiles) character file.

Game seed: 4329746511515140961

30 Jonik01 the Trooper (level 3, -9/30 HPs)
             Began as a Merfolk Fighter on Oct 12, 2023.
             Mangled by Sigmund
             ... wielding a +0 scythe of freezing
              (10 damage)
             ... on level 2 of the Dungeon.
             The game lasted 00:04:38 (674 turns).

Jonik01 the Trooper (Merfolk Fighter)                Turns: 674, Time: 00:04:38

Health: -9/30      AC:  7    Str: 18    XL:     3   Next: 18%
Magic:  3/3        EV:  9    Int:  7    God:
Gold:   77         SH:  0    Dex: 19    Spells: 2/2 levels left

rFire   . . .        a - +0 trident
rCold   . . .        c - +0 buckler
rNeg    . . .        b - +0 scale mail
rPois   .            (no helmet)
rElec   .            (no cloak)
rCorr   .            (no gloves)
SInv    .            f - +0 pair of boots
Will    .....        (no amulet) Stlth
                     e - +6 ring of dexterity
HPRegen 0.25/turn    (no ring)
MPRegen 0.08/turn

%: no passive effects
@: confused
A: (nimble swimmer 2), mertail
a: no special abilities


You were on level 2 of the Dungeon.
You visited 1 branch of the dungeon, and saw 2 of its levels.

You collected 77 gold pieces.

Inventory:

Hand Weapons
 a - a +0 trident (weapon)
Armour
 b - a +0 scale mail (worn)
 c - a +0 buckler (worn)
 f - a +0 pair of boots (worn)
Jewellery
 e - a +6 ring of dexterity (left hand)
Scrolls
 h - 2 scrolls of revelation
Potions
 d - 2 potions of might


   Skills:
 + Level 3.7 Fighting
 + Level 2.9 Polearms
 + Level 2.5 Armour
 + Level 0.1 Dodging
 + Level 3.3 Shields


You had 2 spell levels left.
You didn't know any spells.
Your spell library was empty.

Dungeon Overview and Level Annotations

Branches:
Dungeon (2/15)

Altars:

Annotations:
D:2 Sigmund


Innate Abilities, Weirdness & Mutations

((You are very nimble when in or above water. (Stealth+, EV+, Speed+++)))
Your lower body shifts to a powerful aquatic tail in water.


Message History

Sigmund points at you and mumbles some strange words.
You resist with significant effort.
Sigmund hits you from afar with a +0 scythe of freezing.
Sigmund freezes you.
You hit Sigmund.
Sigmund is moderately wounded.
Sigmund hits you with a +0 scythe of freezing.
Sigmund freezes you.
You hit Sigmund.
Sigmund is moderately wounded.
Sigmund hits you with a +0 scythe of freezing!
Sigmund freezes you.
You hit Sigmund.
Sigmund is moderately wounded.
Sigmund points at you and mumbles some strange words.
You resist with significant effort.
You hit Sigmund but do no damage.
Sigmund is moderately wounded.
Sigmund barely misses you.
You closely miss Sigmund.
Sigmund is moderately wounded.
You block Sigmund's attack.
You closely miss Sigmund.
Sigmund is moderately wounded.
You puncture Sigmund!
Sigmund is severely wounded.
Sigmund gestures at you while chanting.
You are confused.
Sigmund gestures at you while chanting. The magic dart hits you.
You're too confused to move!
Sigmund hits you with a +0 scythe of freezing!
* * * LOW HITPOINT WARNING * * *
Sigmund freezes you.
* * * LOW HITPOINT WARNING * * *
You bump into the rock wall.
You bump into the rock wall.
Sigmund hits you with a +0 scythe of freezing!
You die...
Sigmund begins carving another notch in his scythe.

## .# .#.# ### .#.#
.....#############.#.#
#..@@.............#
#..########.#.....# #.
#.#.....### #
#.#........
#.#.<.....#
#.#####.#.# ... .#.#
##. ## #


You could see Sigmund.

Vanquished Creatures
  A dart slug (D:1)
  2 ball pythons (D:1)
  5 bats (D:1)
  3 endoplasms (D:1)
  3 goblins (D:1)
  3 hobgoblins (D:1)
  A quokka (D:1)
  2 frilled lizards (D:1)
  2 kobolds (D:1)
  A rat (D:1)
23 creatures vanquished.

Notes
Turn   | Place    | Note
-------+----------+-------------------------------------------
     0 | D:1      | Jonik01 the Merfolk Fighter began the quest for the Orb.
     0 | D:1      | Reached XP level 1. HP: 18/18 MP: 1/1
   137 | D:1      | Reached XP level 2. HP: 24/24 MP: 2/2
   453 | D:1      | Reached XP level 3. HP: 26/30 MP: 3/3
   660 | D:2      | Noticed Sigmund
   672 | D:2      | HP: 1/30 [Sigmund/+0 scythe of freezing (2)]
   674 | D:2      | Mangled by Sigmund

Illustrated notes

Levels and vault maps discovered:
D:1:      mrwooster_arrival_statue_2, layout_basic
D:2:      layout_basic, hangedman_abyss_or_decor_stabs, uniq_sigmund

Action                     || total
---------------------------++-------
  Melee: Trident           ||    71
    Use: Scroll            ||     3
         Potion            ||     1
 Armour: Scale mail        ||    59
  Dodge: Dodged            ||    36
  Block: Buckler           ||    35

Table legend: (Time is in decaauts)
 A = Elapsed time spent in this place.
 B = Non-inter-level travel time spent in this place.
 C = Inter-level travel time spent in this place.
 D = Time resting spent in this place.
 E = Time spent auto-exploring this place.
 F = Levels seen in this place.
 G = Mean time per level.
                   A        B        C        D        E       F      G
               +--------+--------+--------+--------+--------+-----+--------+
         Total |    688 |    688 |      0 |     76 |      0 |   2 |  344.0 |
       Dungeon |    688 |    688 |      0 |     76 |      0 |   2 |  344.0 |
               +--------+--------+--------+--------+--------+-----+--------+

Top non-repeatable levels by time:
     D:1: 662 daAuts
     D:2: 25 daAuts
